 Dungeon Crawl Stone Soup version 0.27.0-1-g7a089689b8 (webtiles) character file.

Game seed: 7735141102449435110

167996 EnegeticOcto the Eclecticist (level 16, -4/152 HPs)
             Began as a Deep Dwarf Fighter on Aug 2, 2021.
             Was the Champion of Okawaru.
             Hit by a large rock thrown by a stone giant (31 damage)
             ... on level 5 of the Depths.
             The game lasted 00:50:52 (5654 turns).

EnegeticOcto the Eclecticist (Deep Dwarf Fighter)   Turns: 5654, Time: 00:50:52

Health: -4/152     AC: 31    Str: 30    XL:     16   Next: 74%
Magic:  0/0        EV:  6    Int: 10    God:    Okawaru [******]
Gold:   427        SH: 14    Dex: 12    Spells: 45/45 levels left

rFire    + + .     SeeInvis .   O - +12 war axe "Rummage" {vorpal, rF+ rCorr Str+4 Int+2}
rCold    + + .     Faith    .   N - +1 kite shield {reflect}
rNeg     + + .     Spirit   .   n - +0 gold dragon scales
rPois    +         Reflect  +   (helmet restricted)
rElec    .         Harm     .   F - +2 cloak {Stlth+}
rCorr    +         Rampage  .   j - +5 pair of gloves "Eriops" {rC+ rN+}
Will     +++..                  L - +2 pair of boots {Fly}
Stlth    ..........             E - amulet of the acrobat
HPRegen  0.00/turn              x - +4 ring of protection
MPRegen  0.07/turn              Q - ring of willpower

@: flying, studying Stealth
A: damage resistance, heal wounds, negative energy resistance 1, sense
surroundings 2, no regeneration, horns 1, dopey 1
}: 2/15 runes: barnacled, gossamer
a: Heal Wounds, Renounce Religion, Heroism, Finesse


You were on level 5 of the Depths.
You worshipped Okawaru.
Okawaru was exalted by your worship.
You visited 5 branches of the dungeon, and saw 32 of its levels.
You also visited: Ice Cave.

You collected 597 gold pieces.
You spent 170 gold pieces at shops.

Inventory:

Hand Weapons
 a - a +4 broad axe of flaming
 k - a +1 short sword of distortion
 O - the +12 war axe "Rummage" (weapon) {vorpal, rF+ rCorr Str+4 Int+2}
   (Okawaru gifted it to you on level 4 of the Spider Nest)

   It inflicts extra damage upon your enemies.
   Str:       It affects your strength (+4).
   Int:       It affects your intelligence (+2).
   rF:        It protects you from fire.
   rCorr:     It protects you from acid and corrosion.
Missiles
 f - 10 silver javelins
 v - 7 javelins
 w - 2 throwing nets
 G - 7 curare-tipped darts (quivered)
Armour
 c - a +9 plate armour of ponderousness
 d - a +1 helmet of see invisible
 j - the +5 pair of gloves "Eriops" (worn) {rC+ rN+}
   (Okawaru gifted it to you on level 4 of the Depths)

   rC:        It protects you from cold.
   rN:        It protects you from negative energy.
 n - +0 gold dragon scales (worn)
 s - +0 swamp dragon scales
 z - a +0 plate armour of fire resistance
 A - a +2 pair of gloves
 F - a +2 cloak of stealth (worn)
 L - a +2 pair of boots of flying (worn)
 N - a +1 kite shield of reflection (worn)
Jewellery
 h - a ring of fire
 x - a +4 ring of protection (left hand)
 E - an amulet of the acrobat (around neck)
 Q - a ring of willpower (right hand)
Wands
 b - a wand of iceblast (6) {@v2}
 e - a wand of charming (4)
 g - a wand of mindburst (17)
 p - a wand of flame (28)
 M - a wand of polymorph (7)
 P - a wand of digging (4) {@v3}
Scrolls
 q - a scroll of vulnerability
 y - a scroll of fog
 C - a scroll of enchant weapon
 I - a scroll of magic mapping {@r5}
 R - a scroll of immolation
 S - a scroll of teleportation {@r3}
 T - 2 scrolls of amnesia
 W - a scroll of noise
 Z - a scroll of blinking {unknown}
Potions
 i - 2 potions of curing {@q1}
 l - a potion of resistance {@q5}
 m - 2 potions of cancellation
 o - 3 potions of ambrosia
 r - 2 potions of brilliance {unknown}
 t - a potion of degeneration
 B - 3 potions of attraction
 H - 2 potions of lignification
 J - a potion of haste {unknown}
 K - a potion of flight
 U - a potion of berserk rage {unknown}
 Y - a potion of magic {unknown}
Miscellaneous
 V - a condenser vane (inert)


   Skills:
 - Level 12.0 Fighting
 - Level 14.1 Axes
 - Level 5.0 Armour
 - Level 5.0 Dodging
 - Level 10.0 Shields
 + Level 15.4 Spellcasting
 - Level 15.0 Invocations
 - Level 6.0 Evocations


You had 45 spell levels left.
You didn't know any spells.
Your spell library was empty.

Dungeon Overview and Level Annotations

Branches:
Dungeon (15/15)              Lair (4/6) D:10         Shoals (4/4) Lair:2
 Spider (4/4) Lair:3          Orc (0/2) D:10         Depths (5/5) D:15
  IceCv (visited)
 Temple: D:4-7       Vaults: D:13-14        Zot: Depths:5

Altars:
Okawaru
Vehumet
Beogh

Shops:
D:10 *   D:13 (

Annotations:
Lair:2 exclusion: oklob plant


Innate Abilities, Weirdness & Mutations

You are resistant to damage.
You can heal yourself by infusing magical energy.
You resist negative energy. (rN+)
You passively map the area around you.
You do not regenerate.
You have a pair of small horns on your head.
You are dopey. (Int -2)


Message History

Some rock shatters into small pieces.
The iron troll is engulfed in freezing vapours.
You slice the iron troll!!
The iron troll is severely wounded.
You hit the iron troll.
The spriggan berserker is engulfed in freezing vapours.
The iron troll bites you but does no damage.
The iron troll claws you. You block the iron troll's attack.
The spriggan berserker is engulfed in freezing vapours.
The spriggan rider hits you but does no damage.
The deep troll earth mage gestures at the iron troll while chanting.
The stone door frame shatters!
The blast of rock fragments hits you but does no damage.
The iron troll is engulfed in freezing vapours.
You hear a shout!
You hit the iron troll but do no damage.
The iron troll is almost dead.
You hit the iron troll. You slash the spriggan berserker!
You kill the spriggan berserker!
Okawaru accepts your kill. You block the iron troll's attack.
The iron troll claws you but does no damage.
You block the iron troll's attack.
The iron troll is engulfed in freezing vapours.
The iron troll bites you!
The iron troll claws you but does no damage. x2
The spriggan rider hits you from afar with a +0 spear.
Your magical essence is drained by the effort!
You feel much better.
The deep troll earth mage is engulfed in freezing vapours.
You kill the deep troll earth mage!
Okawaru accepts your kill.
The iron troll bites you but does no damage.
The iron troll claws you but does no damage.
You block the iron troll's attack. You block the spriggan rider's attack.
The deep troll earth mage bites you but does no damage.
The deep troll earth mage barely misses you.
The deep troll earth mage claws you.
You hit the iron troll.
The iron troll is almost dead.
You hit the deep troll earth mage.
You hit the iron troll but do no damage.
You block the iron troll's attack. x2; The iron troll claws you.
The iron troll closely misses you. The iron troll claws you!
The iron troll claws you but does no damage.
You slice the iron troll!!
You kill the iron troll!
Okawaru accepts your kill.
You slash the deep troll earth mage!
You hit the iron troll but do no damage.
The spriggan rider hits you from afar with a +0 spear.
The deep troll earth mage bites you but does no damage.
The deep troll earth mage claws you but does no damage. x2
A stone giant comes into view.
You slice the deep troll earth mage!!
You kill the deep troll earth mage!
Okawaru accepts your kill.
The troll leather armour is intact enough to wear.
You hit the iron troll.
The spriggan rider hits you but does no damage.
The stone giant is engulfed in freezing vapours.
You block the iron troll's attack. x3
You hit the iron troll but do no damage.
You headbutt the iron troll, but do no damage.
The iron troll is heavily wounded.
The spriggan rider hits you but does no damage.
The stone giant is engulfed in freezing vapours.
You block the iron troll's attack. The iron troll claws you!
The iron troll barely misses you.
You hit the iron troll but do no damage.
You headbutt the iron troll.
The iron troll is heavily wounded.
The spriggan rider hits you but does no damage.
The stone giant is engulfed in freezing vapours.
You hit the iron troll but do no damage.
You headbutt the iron troll.
The iron troll is heavily wounded.
The iron troll is engulfed in freezing vapours.
The iron troll bites you.
The iron troll claws you but does no damage.
You block the iron troll's attack. The spriggan rider closely misses you.
You barely miss the iron troll.
The iron troll is heavily wounded.
The stone giant is engulfed in freezing vapours.
The spriggan rider hits you from afar with a +0 spear.
The iron troll is engulfed in freezing vapours.
The iron troll bites you. You block the iron troll's attack.
The iron troll claws you.
You hit the iron troll.
You headbutt the iron troll, but do no damage.
The iron troll is severely wounded.
The stone giant is engulfed in freezing vapours.
The stone giant throws a large rock.
The large rock hits you!!
* * * LOW HITPOINT WARNING * * *
You block the spriggan rider's attack.
You hit the iron troll.
The iron troll is severely wounded.
The stone giant is engulfed in freezing vapours.
The stone giant throws a large rock.
The large rock hits you!!
You die...

,≈ ≈.≈... ,, ≈
≈,≈,≈.≈.§○§.≈ ≈ * * ≈
, .≈§§§≈. ≈ * *
#§§○.### ## #.○§§..#
, , , .## #.#§C§.# **
, ..# #..§.§i# ,,
..###### #.)T.# ,,
.......#########@§.#,
.......(.......'.[.#
,
.....).#####.###...#,
*, * * ...#.<..#
#......<.# , , ,
##.#....# #.####...#
* * , ##.#.#### *
#####** , ##.#.# ,* ,
, ##.#.. *,* * .#.#..
, ,* , *


You could see an iron troll, a stone giant and a spriggan rider.

Vanquished Creatures
  A golden dragon (Depths:4)
  A quicksilver dragon (Depths:4)
  2 titans (Depths:4)
  Gastronok (D:8)
  Kirke (Shoals:4)
  A shadow dragon (Depths:4)
  Donald (Shoals:4)
  2 fire giants
  5 ghost moths
  2 frost giants
  A deep elf sorcerer (Depths:4)
  6 emperor scorpions (Spider:4)
  A spriggan defender (Depths:4)
  3 stone giants
  5 spark wasps
  3 merfolk javelineers (Shoals:4)
  A spark wasp (shapeshifter) (Depths:4)
  2 ettins
  A fire dragon (Depths:1)
  3 merfolk impalers (Shoals:4)
  2 great orbs of eyes
  A rakshasa (Depths:4)
  A deep elf high priest (Depths:4)
  A boulder beetle (D:15)
  Erolcha (D:9)
  3 hydras
  3 spriggan air magi (Depths:4)
  An ogre mage (D:15)
  A centaur warrior (D:14)
  2 ice dragons
  2 satyrs (Shoals:4)
  4 merfolk aquamancers (Shoals:4)
  4 two-headed ogres
  2 deep troll earth magi (Depths:5)
  3 spriggan berserkers
  2 tengu warriors
  2 deep troll shamans
  Sonja (D:10)
  Nergalle (D:10)
  3 iron trolls
  6 sea snakes (Shoals:4)
  3 deep trolls
  2 wizards
  A lindwurm (Lair:3)
  A deep elf zephyrmancer (D:15)
  An orc knight (D:10)
  10 harpies (Shoals:4)
  A necromancer (D:15)
  8 ugly things
  9 orb spiders
  2 deep elf pyromancers
  A wolf spider zombie (D:15)
  11 wolf spiders (Spider:4)
  A moth of wrath (Spider:2)
  2 centaur zombies
  2 cyclopes
  4 manticores
  4 merfolk sirens
  Maurice (D:10)
  2 water nymphs (Shoals:4)
  A naga mage (D:15)
  Maggie (D:7)
  2 torpor snails
  2 cane toads
  2 komodo dragons
  Psyche (D:9)
  5 yaktaurs (D:10)
  An efreet (D:15)
  3 tengu conjurers
  A troll (D:12)
  10 jumping spiders
  2 demonic crawlers
  2 wind drakes
  3 meliai (D:15)
  A harpy skeleton (D:15)
  4 snapping turtles
  5 slime creatures (D:14)
  7 hornets
  4 blink frogs (Lair:1)
  5 merfolk (Shoals:4)
  14 tarantellas
  2 wyverns (Lair:2)
  2 wraiths
  30 redbacks
  A dire elephant simulacrum (IceCv)
  A vampire (D:13)
  6 spriggans
  5 water elementals
  A yak (shapeshifter) (D:15)
  5 hogs (Shoals:4)
  35 yaks
  2 basilisks
  10 vampire mosquitoes
  3 swamp worms (Lair:2)
  3 water moccasins
  An acid dragon (D:9)
  A hornet zombie (D:8)
  8 orc warriors
  An alligator simulacrum (IceCv)
  A sky beast (D:6)
  A black bear (D:8)
  5 wolves (Lair:2)
  An ogre (D:15)
  4 centaurs
  3 phantoms
  4 bullfrogs
  A gnoll sergeant (D:9)
  A scorpion (D:6)
  5 killer bees (D:7)
  2 howler monkeys (D:10)
  4 wights (D:8)
  A gnoll shaman (D:7)
  7 orc priests
  An iguana (D:7)
  7 orc wizards
  Terence (D:3)
  2 howler monkey zombies
  9 gnolls
  2 adders (D:3)
  An ufetubus (D:6)
  2 worms (D:2)
  2 dart slugs
  38 orcs
  4 bat skeletons (D:10)
  A bat zombie (D:10)
  2 endoplasms
  A giant cockroach (D:1)
  4 goblins
  5 hobgoblins
  4 jackals (D:1)
  2 quokkas
  3 ball pythons
  4 bats
  A frilled lizard (D:3)
  A kobold (D:1)
  4 rats
489 creatures vanquished.

Vanquished Creatures (collateral kills)
  A lindwurm simulacrum (IceCv)
1 creature vanquished.

Vanquished Creatures (others)
  A wizard (D:15)
  A redback (Spider:3)
  An alligator simulacrum (IceCv)
  5 fungi
  27 plants
35 creatures vanquished.

Grand Total: 525 creatures vanquished

Notes
Turn   | Place    | Note
-------+----------+-------------------------------------------
     0 | D:1      | EnegeticOcto the Deep Dwarf Fighter began the quest for the
                  | Orb.
     0 | D:1      | Reached XP level 1. HP: 20/20 MP: 1/1
    83 | D:1      | Reached XP level 2. HP: 24/27 MP: 2/2
   101 | D:1      | Found a faded altar of an unknown god.
   119 | D:1      | Became a worshipper of Warmaster Okawaru
   119 | D:1      | Reached * piety under Okawaru
   303 | D:2      | Reached XP level 3. HP: 27/33 MP: 3/3
   422 | D:3      | Noticed Terence
   428 | D:3      | Reached XP level 4. HP: 26/40 MP: 1/4
   429 | D:3      | Killed Terence
   466 | D:4      | Noticed a phantom
   473 | D:4      | Killed a phantom
   474 | D:4      | Reached skill level 5 in Axes
   474 | D:4      | Reached skill level 1 in Invocations
   474 | D:4      | Reached XP level 5. HP: 48/48 MP: 1/5
   498 | D:5      | Entered Level 5 of the Dungeon
   507 | D:6      | Noticed a sky beast
   518 | D:6      | Killed a sky beast
   518 | D:6      | Reached ** piety under Okawaru
   577 | D:6      | Reached XP level 6. HP: 32/55 MP: 6/6
   652 | D:7      | Reached XP level 7. HP: 34/61 MP: 5/7
   825 | D:7      | Noticed Maggie
   832 | D:7      | Killed Maggie
   832 | D:7      | Reached *** piety under Okawaru
   833 | D:7      | Reached skill level 10 in Axes
   833 | D:7      | Reached XP level 8. HP: 64/68 MP: 7/7
  1023 | D:8      | Noticed a hornet
  1028 | D:8      | Noticed Gastronok
  1030 | D:8      | Paralysed by a hornet for 3 turns
  1036 | D:8      | Killed a hornet
  1051 | D:8      | Killed Gastronok
  1051 | D:8      | Reached **** piety under Okawaru
  1052 | D:8      | Reached skill level 5 in Invocations
  1052 | D:8      | Gained mutation: You passively map the area around you.
                  | [Deep Dwarf growth]
  1052 | D:8      | Reached XP level 9. HP: 68/80 MP: 4/10
  1211 | D:8      | Reached ***** piety under Okawaru
  1212 | D:8      | Reached skill level 5 in Fighting
  1281 | D:9      | Reached XP level 10. HP: 67/88 MP: 2/10
  1290 | D:9      | Noticed Erolcha
  1318 | D:9      | Killed Erolcha
  1369 | D:10     | Entered Level 10 of the Dungeon
  1525 | D:9      | Noticed Psyche
  1534 | D:9      | Killed Psyche
  1664 | D:10     | Noticed Nergalle
  1671 | D:10     | Received a gift from Okawaru
  1676 | D:10     | Killed Nergalle
  1677 | D:10     | Reached skill level 5 in Shields
  1684 | D:10     | Reached XP level 11. HP: 81/99 MP: 3/10
  1697 | D:10     | Found Dacoorgh's Assorted Antiques.
  1708 | D:10     | Noticed an orc knight
  1741 | D:10     | Killed an orc knight
  1749 | D:10     | Bought a blackened fluorescent amulet for 170 gold pieces
  1756 | D:10     | Found a staircase to the Orcish Mines.
  1763 | D:10     | Noticed Maurice
  1774 | D:10     | Killed Maurice
  1774 | D:10     | Received a gift from Okawaru
  1775 | D:10     | Reached skill level 5 in Armour
  1777 | D:10     | Noticed Sonja
  1781 | D:10     | Killed Sonja
  1890 | D:10     | Found a staircase to the Lair.
  1905 | D:10     | Reached skill level 10 in Invocations
  1909 | Lair:1   | Entered Level 1 of the Lair of Beasts
  1973 | Lair:1   | Noticed a seven-headed hydra
  1991 | Lair:1   | Killed a three-headed hydra
  2065 | Lair:2   | Noticed a seven-headed hydra
  2074 | Lair:2   | Killed a three-headed hydra
  2198 | Lair:2   | Noticed a six-headed hydra
  2205 | Lair:2   | Killed a three-headed hydra
  2206 | Lair:2   | Reached XP level 12. HP: 71/110 MP: 4/12
  2233 | Lair:2   | Received a gift from Okawaru
  2349 | Lair:2   | Identified the +6 mace of Elehaohi {chaos, rN++ Will++}
  2378 | Lair:2   | Found a staircase to the Shoals.
  2405 | Shoals:1 | Entered Level 1 of the Shoals
  2420 | Shoals:1 | Reached skill level 10 in Shields
  2495 | Shoals:2 | Reached skill level 1 in Evocations
  2511 | Shoals:4 | Entered Level 4 of the Shoals
  2519 | Shoals:4 | Reached ****** piety under Okawaru
  2519 | Shoals:4 | Received a gift from Okawaru
  2564 | Shoals:4 | Noticed Kirke
  2573 | Shoals:4 | Reached skill level 5 in Evocations
  2582 | Shoals:4 | Killed Kirke
  2596 | Shoals:4 | Noticed a merfolk javelineer
  2601 | Shoals:4 | Reached XP level 13. HP: 102/121 MP: 4/11
  2614 | Shoals:4 | Killed a merfolk javelineer
  2686 | Shoals:4 | Reached skill level 10 in Fighting
  2729 | Shoals:4 | Received a gift from Okawaru
  2751 | Shoals:4 | Noticed Donald
  2771 | Shoals:4 | Killed Donald
  2772 | Shoals:4 | Reached skill level 1 in Dodging
  2797 | Shoals:4 | Noticed a merfolk impaler
  2827 | Shoals:4 | Killed a merfolk impaler
  2891 | Shoals:4 | Reached skill level 15 in Invocations
  2918 | Shoals:4 | Noticed a merfolk javelineer
  2918 | Shoals:4 | Noticed a merfolk javelineer
  2918 | Shoals:4 | Noticed a merfolk impaler
  2918 | Shoals:4 | Noticed a frost giant
  2919 | Shoals:4 | Noticed a merfolk impaler
  2925 | Shoals:4 | Killed a merfolk javelineer
  2925 | Shoals:4 | Killed a frost giant
  2925 | Shoals:4 | Killed a merfolk javelineer
  2925 | Shoals:4 | Killed a merfolk impaler
  2925 | Shoals:4 | Killed a merfolk impaler
  2926 | Shoals:4 | Reached skill level 5 in Dodging
  2946 | Shoals:4 | Got a barnacled rune of Zot
  3112 | Lair:3   | Gained mutation: You resist negative energy. (rN+) [Deep
                  | Dwarf growth]
  3112 | Lair:3   | Reached XP level 14. HP: 113/136 MP: 8/11
  3116 | Lair:3   | Found a hole to the Spider Nest.
  3125 | Lair:3   | Received a gift from Okawaru
  3153 | Spider:1 | Entered Level 1 of the Spider Nest
  3154 | Spider:1 | Found a frozen archway.
  3163 | Spider:1 | Reached skill level 1 in Spellcasting
  3163 | Spider:1 | You are sucked into a shaft and drop 1 floor!
  3274 | Spider:3 | Killed a ghost moth
  3356 | Spider:4 | Entered Level 4 of the Spider Nest
  3377 | Spider:4 | Noticed an emperor scorpion
  3390 | Spider:4 | Reached skill level 5 in Spellcasting
  3409 | Spider:4 | Killed an emperor scorpion
  3419 | Spider:4 | Killed a ghost moth
  3498 | Spider:4 | Identified the +12 war axe "Rummage" {vorpal, rF+ rCorr
                  | Str+4 Int+2} (Okawaru gifted it to you on level 4 of the
                  | Spider Nest)
  3498 | Spider:4 | Received a gift from Okawaru
  3512 | Spider:4 | Noticed an emperor scorpion
  3524 | Spider:4 | Killed an emperor scorpion
  3531 | Spider:4 | Noticed an emperor scorpion
  3579 | Spider:4 | Killed an emperor scorpion
  3599 | Spider:4 | Noticed an emperor scorpion
  3601 | Spider:4 | Noticed an emperor scorpion
  3617 | Spider:4 | Killed an emperor scorpion
  3623 | Spider:4 | Killed an emperor scorpion
  3630 | Spider:4 | Killed a ghost moth
  3633 | Spider:4 | Noticed an emperor scorpion
  3635 | Spider:4 | Received a gift from Okawaru
  3647 | Spider:4 | Killed a ghost moth
  3664 | Spider:4 | Killed an emperor scorpion
  3670 | Spider:4 | Reached XP level 15. HP: 71/144 MP: 2/8
  3710 | Spider:4 | Got a gossamer rune of Zot
  3819 | Spider:2 | Noticed a ghost moth
  3828 | Spider:2 | Reached skill level 10 in Spellcasting
  3833 | Spider:2 | Killed a ghost moth
  3887 | IceCv    | Entered an ice cave
  4353 | D:12     | You are sucked into a shaft and drop 3 floors!
  4353 | D:15     | Entered Level 15 of the Dungeon
  4414 | D:15     | Found a staircase to the Depths.
  4577 | D:13     | Identified the +7 executioner's axe "Monk" {vorpal, Will+}
                  | (Okawaru gifted it to you on level 13 of the Dungeon)
  4577 | D:13     | Received a gift from Okawaru
  4612 | D:13     | Found a radiant altar of Vehumet.
  4645 | D:13     | Found Susuul's Weapon Shop.
  5095 | Depths:1 | Entered Level 1 of the Depths
  5098 | Depths:1 | Noticed a fire giant
  5120 | Depths:1 | Killed a fire giant
  5131 | Depths:1 | Received a gift from Okawaru
  5275 | Depths:4 | Noticed a frost giant
  5285 | Depths:4 | Noticed a golden dragon
  5294 | Depths:4 | Reached XP level 16. HP: 74/152 MP: 0/6
  5295 | Depths:4 | Noticed a titan
  5302 | Depths:4 | Noticed a shadow dragon
  5314 | Depths:4 | Killed a golden dragon
  5324 | Depths:4 | Identified the +5 pair of gloves "Eriops" {rC+ rN+}
                  | (Okawaru gifted it to you on level 4 of the Depths)
  5324 | Depths:4 | Received a gift from Okawaru
  5330 | Depths:4 | HP: 3/144 [shadow dragon/bolt of negative energy (24)]
  5338 | Depths:4 | Killed a titan
  5338 | Depths:4 | HP: 6/138 [spark wasp (2)]
  5345 | Depths:4 | Killed a shadow dragon
  5416 | Depths:3 | Gained mutation: You are dopey. (Int -2) [potion of
                  | mutation]
  5416 | Depths:3 | Gained mutation: You have a pair of small horns on your
                  | head. [potion of mutation]
  5435 | Depths:5 | Entered Level 5 of the Depths
  5521 | Depths:4 | Noticed a quicksilver dragon
  5530 | Depths:4 | Killed a quicksilver dragon
  5531 | Depths:4 | Reached skill level 15 in Spellcasting
  5532 | Depths:4 | Noticed a titan
  5546 | Depths:4 | Killed a titan
  5654 | Depths:5 | Hit by a large rock thrown by a stone giant

Illustrated notes

Levels and vault maps discovered:
D:1:      dpeg_arrival_solitude, layout_basic,
          ebering_ecumenical_altar_sacrificial
D:2:      layout_basic, serial_glass, glass_columns_c, glass_columns_b,
          item_on_display_b, minmay_strange_pillars, basic_altar, serial_shops,
          shop
D:3:      layout_basic, minmay_bisected, uniq_terence
D:4:      layout_basic, minmay_temple_entry_proselytizer, serial_shops,
          nicolae_diamond_shop, nicolae_inconvenience_store,
          kennysheep_mini_moat, nicolae_shop_waterfront
D:5:      lemuel_ice_spiral_2, layout_rooms, uniq_sigmund, uniq_eustachio,
          uniq_pikel
D:6:      layout_loops_ring, mainiacjoe_overflow_concentric_impassable,
          uniq_crazy_yiuf_cottage
D:7:      kb_forest_paths, layout_basic, uniq_maggie
D:8:      layout_gridville, uniq_grum, uniq_gastronok
D:9:      layout_basic, special_room [special_room_bee],
          chequers_serial_rivers_micro_c, kennysheep_nondescript, uniq_psyche,
          uniq_erolcha
D:10:     layout_basic, kennysheep_vampire_church, david_lair_shrubbed,
          david_orc_5, serial_shops, shop, uniq_nergalle, uniq_sonja,
          uniq_snorg, uniq_maurice
D:11:     layout_roguey
D:12:     layout_gridville
D:13:     minmay_ice_pillars, layout_stronghold,
          lightli_vaults_fourway_checkpoint, serial_shops, shop,
          vehumet_crystals
D:14:     layout_loops_ring, nicolae_uskayaw_suspiria, grunt_ministairs_2
D:15:     grunt_enter_depths_magical_seal, layout_loops_cross,
          minmay_tree_intersection, uniq_louise
Lair:1:   layout_cave_pods, special_room, lemuel_fruit_fields,
          grunt_megastairs_4
Lair:2:   layout_cave_pods, minmay_shoals_entry_hut, worms_lemuel,
          grunt_megastairs_3, minmay_lair_oklob_chamber
Lair:3:   layout_big_grid, spider_nest_entry_webs
Lair:4:   layout_cave_pods, bobbens_ice_dragon_lair, infiniplex_staircase_pool_2
Shoals:1: layout_shoals, nicolae_shoals_arrival_archipelago, uniq_roxanne
Shoals:2: layout_shoals, uniq_ilsuiw
Shoals:3: layout_shoals, ebering_ghost_gozag, uniq_bai_suzhen
Shoals:4: shoals_end_grunt_ice, layout_shoals, serial_shops, nicolae_shop_stone,
          uniq_kirke, uniq_donald
Spider:1: layout_spider_delve, portal_ice_cave_entry_pillars_four
Spider:2: layout_spider_delve, nicolae_spider_not_touching_you
Spider:3: layout_spider_delve, nicolae_spider_swamp_cousins, uniq_arachne,
          uniq_jorgrun
Spider:4: grunt_spider_rune_circles, drop_trap
Depths:1: layout_cave_pools, serial_shops, nicolae_shop_window_shopping,
          grunt_mini_vestibule, hangedman_decor_riveting,
          minmay_misc_feat_cross, lightli_minifort
Depths:2: mu_elemental_laboratory, layout_cave_shapes, enter_ziggurat_e,
          serial_shops, shop, abyss_entry_flame_altar, grunt_pan_entry_zigzag,
          hell_entry, fedhas_altar_3, gammafunk_ghost_tricky_traps,
          nrook_campfire, minmay_microvault, infiniplex_staircase_squiggle
Depths:3: grunt_profane_halls [grunt_profane_temple_tar,
          grunt_profane_temple_coc, grunt_profane_temple_dis,
          grunt_profane_temple_geh, grunt_profane_loot], pan_entry, hell_entry,
          uniq_margery
Depths:4: minmay_dotted_concentric_squares, layout_cave_pools, hellmouth_1,
          nicolae_abyss_entry_one_way_or_another, rand_demon_pan_entry_5
Depths:5: evilmike_zot_entry_basic, layout_basic, pf_coc_iceberg, abyss_entry,
          serial_shops, shop_statue, uniq_xtahua, uniq_jory

Skill      XL: |  1  2  3  4  5  6  7  8  9 10 11 12 13 14 15 16 |
---------------+-------------------------------------------------+-----
Axes           | 3 4 5 6 8 10 13 14 | 14.1
Invocations    | 1 2 5 6 8 11 13 15 | 15.0
Fighting       | 4 5 6 8 9 11 12 | 12.0
Shields        | 5 8 10 | 10.0
Armour         | 4 5 |  5.0
Evocations     | 6 |  6.0
Dodging        | 5 |  5.0
Spellcasting   | 9 13 15 | 15.4

Action                   |  1- 3 |  4- 6 |  7- 9 | 10-12 | 13-15 | 16-18 || total
-------------------------+-------+-------+-------+-------+-------+-------++-------
Melee: War axe           |    82 |    92 |    57 |       |   416 |   109 ||   756
       Broad axe         |       |       |    86 |   377 |   305 |       ||   768
       Headbutt          |       |       |       |       |       |    24 ||    24
Throw: Throwing net      |       |       |     1 |       |       |       ||     1
       Javelin           |       |       |       |       |    31 |       ||    31
       Dart              |       |       |       |       |       |     2 ||     2
Invok: Heroism           |     1 |     5 |     5 |    12 |    23 |       ||    46
       Finesse           |       |       |     1 |     6 |     7 |       ||    14
 Abil: Heal Wounds       |       |     4 |     8 |    24 |    55 |    39 ||   130
Evoke: Wand              |       |       |     9 |    12 |    28 |     3 ||    52
       Condenser vane    |       |       |       |       |     1 |     2 ||     3
  Use: Scroll            |       |       |     3 |     5 |    15 |     1 ||    24
       Potion            |       |       |       |       |     6 |     6 ||    12
 Stab: Held in net/web   |       |       |     3 |       |       |       ||     3
       Distracted        |       |       |       |     1 |       |       ||     1
       Invisible         |       |       |       |       |     4 |       ||     4
Armor: Scale mail        |    54 |       |       |       |       |       ||    54
       Chain mail        |     3 |    60 |    60 |       |       |       ||   123
       Plate armour      |       |       |    28 |   147 |   303 |   118 ||   596
       Skin              |       |       |       |       |    59 |       ||    59
       Gold dragon scale |       |       |       |       |       |    43 ||    43
Dodge: Dodged            |    47 |    31 |    35 |    86 |   162 |    64 ||   425
Block: Kite shield       |    57 |    70 |    55 |   192 |   413 |   147 ||   934
       Reflection        |       |       |       |       |    11 |     1 ||    12
